 Dungeon Crawl Stone Soup version 0.17.0-26-gececa24 (webtiles) character file.

358 DarthRa the Chucker (level 6, -2/59 HPs)
             Began as an Ogre Hunter on Nov 19, 2015.
             Slain by an adder (3 damage)
             ... on level 2 of the Dungeon.
             The game lasted 00:22:26 (3566 turns).

DarthRa the Chucker (Ogre Hunter)                   Turns: 3566, Time: 00:22:26

Health: -2/59      AC:  4    Str: 18    XL:     6   Next: 64%
Magic:  6/6        EV: 10    Int: 10    God:
Gold:   79         SH:  0    Dex: 10    Spells: 1 memorised, 4 levels left

rFire  . . .     SeeInvis .     a - +0 mace
rCold  . . .     Clarity  .     k - +0 robe
rNeg   . . .     SustAt   .     (no shield)
rPois  .         Gourm    .     (helmet restricted)
rElec  .         Spirit   .     j - +0 cloak
rCorr  +         Warding  .     (gloves unavailable)
rMut   .         Stasis   .     (boots unavailable)
MR     .....                    q - amulet of resist corrosion
Stlth  +.........               t - -2 ring of dexterity (curse)
                                i - ring of wizardry

@: lethally poisoned (-2 -> -8), not resistant to hostile enchantments, very
unstealthy
A: unfitting armour, tough skin 1
a: no special abilities


You were on level 2 of the Dungeon.
You were hungry.

You visited 1 branch of the dungeon, and saw 3 of its levels.

You collected 79 gold pieces.

Inventory:

Hand Weapons
 a - a +0 mace (weapon)
 b - a +0 hunting sling
 p - a +1 dagger of speed
 s - a +0 short sword
Missiles
 d - 2 throwing nets
 f - 5 large rocks
 g - 56 stones (quivered)
 n - 3 tomahawks
 o - 4 silver tomahawks
Armour
 j - a +0 cloak (worn)
 k - a +0 robe (worn)
Jewellery
 i - a ring of wizardry (left hand)
 q - an amulet of resist corrosion (around neck)
 t - a cursed -2 ring of dexterity (right hand)
Wands
 m - a wand of polymorph (0)
 w - a wand of cold (9)
Scrolls
 r - a scroll of identify
Potions
 h - a potion of resistance
Books
 v - a book of Geomancy

   Spells                             Type                      Level
   a - Sandblast                      Earth                        1
   b - Stoneskin                      Transmutation/Earth          2
   c - Passwall                       Transmutation/Earth          3
   d - Stone Arrow                    Conjuration/Earth            3
   e - Petrify                        Transmutation/Earth          4
   f - Lee's Rapid Deconstruction     Earth                        5
Comestibles
 c - a royal jelly
 e - 4 bread rations
 l - 2 meat rations
 u - a beef jerky


   Skills:
 - Level 2.6 Fighting
 + Level 0.3 Maces & Flails
 * Level 7.7 Throwing
 - Level 1.7 Dodging
 - Level 0.7 Stealth


You had 4 spell levels left.
You knew the following spells:

 Your Spells              Type           Power        Failure   Level  Hunger
a - Sandblast             Erth           #.....       16%         1    ##.....


Dungeon Overview and Level Annotations

Branches:
Dungeon (3/15)

Altars:
Okawaru


Innate Abilities, Weirdness & Mutations

You are too large for most types of armour.
You have tough skin (AC +1).


Message History

The adder is almost dead.
You feel sick. The adder closely misses you. The adder barely misses you.
You miss the adder.
The adder is almost dead.
You feel sick. The adder bites you.
* * * LOW HITPOINT WARNING * * *
You are more poisoned.
The adder poisons you!
Drink which item? (? for menu, Esc to quit)
It was a potion of cancellation.
You feel magically purged. The adder barely misses you.
The adder closely misses you.
Evoke which item? (* to show all) (? for menu, Esc to quit)
Zapping:
w - a wand of cold (will waste charges)
Press: ? - help, Shift-Dir - straight line, f - adder
Aim: an adder (almost dead)
The bolt of cold misses the adder.
Evoking this partially-identified wand wasted a few charges.
* * * LOW HITPOINT WARNING * * *
You feel sick. The adder bites you.
You die...

######### ##.......#
##### #######..#
#.... ##@## #..#
#.... #8S..8##..#
#.... #.....##..#
#.... #8.....8#..##
#.... ##.....##...#
#.... #8...8##...#
#####
#.....##...#########
8.....8#...##.......
.....##...##.......


You could see an adder.

Vanquished Creatures
  Grinder (D:3)
  Natasha (D:2)
  Robin (D:3)
  2 gnolls (D:3)
  4 adders
  An ooze (D:3)
  A worm (D:2)
  3 giant geckos
  2 giant cockroaches
  6 hobgoblins
  7 kobolds
  4 quokkas
  11 bats
  4 giant newts
  10 goblins
  6 rats
64 creatures vanquished.

Notes
Turn   | Place    | Note
--------------------------------------------------------------
     0 | D:1      | DarthRa the Ogre Hunter began the quest for the Orb.
     0 | D:1      | Reached XP level 1. HP: 22/22 MP: 1/1
   373 | D:1      | Reached XP level 2. HP: 29/29 MP: 2/2
   924 | D:2      | Reached skill level 5 in Throwing
   924 | D:2      | Reached XP level 3. HP: 26/36 MP: 3/3
  1612 | D:2      | Reached XP level 4. HP: 30/44 MP: 4/4
  1702 | D:2      | Found an iron altar of Okawaru.
  1704 | D:2      | Noticed Natasha
  1716 | D:2      | Killed Natasha
  2314 | D:3      | Reached skill level 6 in Throwing
  2451 | D:3      | Noticed Grinder
  2451 | D:3      | Noticed Robin
  2577 | D:3      | Learned a level 1 spell: Sandblast
  2671 | D:3      | Paralysed by Grinder for 4 turns
  2688 | D:3      | Paralysed by Grinder for 6 turns
  2709 | D:3      | Killed Grinder
  2709 | D:3      | Reached skill level 7 in Throwing
  2709 | D:3      | Reached XP level 5. HP: 7/50 MP: 5/5
  2709 | D:3      | Reached XP level 6. HP: 8/59 MP: 6/6
  3151 | D:3      | Killed Robin
  3564 | D:2      | HP: 2/59 [adder (5)]
  3566 | D:2      | Slain by an adder

Action                   |  1- 3 |  4- 6 || total
-------------------------+-------+-------++-------
Melee: Short sword       |   120 |    82 ||   202
       Unarmed           |       |     6 ||     6
       Mace              |       |    13 ||    13
 Fire: Hunting sling     |    33 |    73 ||   106
Throw: Stone             |    54 |     1 ||    55
       Large rock        |       |     5 ||     5
       Tomahawk          |       |     4 ||     4
 Cast: Sandblast         |       |     1 ||     1
Evoke: Wand              |       |     1 ||     1
  Use: Scroll            |     4 |     1 ||     5
       Potion            |     2 |     2 ||     4
 Stab: Sleeping          |     1 |       ||     1
  Eat: Chunk             |     2 |     6 ||     8
